 Dungeon Crawl Stone Soup version 0.19.0-19-g8c6edcc (webtiles) character file.

1465 lorenzova the Blocker (level 8, -9/74 HPs)
             Began as a Minotaur Fighter on Nov 13, 2016.
             Mangled by an orc warrior
             ... wielding a cursed +0 mace
              (17 damage)
             ... on level 6 of the Dungeon.
             The game lasted 00:05:51 (4746 turns).

lorenzova the Blocker (Minotaur Fighter)            Turns: 4746, Time: 00:05:52

Health: -9/74      AC:  8    Str: 22    XL:     8   Next: 48%
Magic:  7/7        EV:  8    Int:  5    God:
Gold:   222        SH: 11    Dex: 11    Spells: 0 memorised, 7 levels left

rFire  . . .     SeeInvis .     a - +0 war axe
rCold  . . .     Gourm    .     j - +0 scale mail
rNeg   . . .     Faith    .     c - +0 shield
rPois  .         Spirit   .     (helmet restricted)
rElec  .         Reflect  .     (no cloak)
rCorr  .         Harm     .     (no gloves)
MR     .....                    (no boots)
Stlth  ..........               i - amulet of rage
                                (no ring)
                                (no ring)

@: slowed, very slow
A: retaliatory headbutt, horns 2
a: Evoke Berserk Rage


You were on level 6 of the Dungeon.
You were very full.

You visited 1 branch of the dungeon, and saw 6 of its levels.

You collected 222 gold pieces.

Inventory:

Hand Weapons
 a - a +0 war axe (weapon)
Armour
 b - a +0 scale mail
 c - a +0 shield (worn)
 j - a +0 scale mail (worn)
Jewellery
 i - an amulet of rage (around neck)
Wands
 v - a wand of digging (6/24)
 y - a wand of paralysis (10/24)
Scrolls
 e - a scroll of fog {unknown}
 g - 3 scrolls of immolation
 m - 3 scrolls of enchant weapon
 o - a scroll of fear {unknown}
 r - a scroll of teleportation
 s - a scroll of remove curse
 A - a scroll of noise {unknown}
Potions
 d - a potion of might
 l - a potion of heal wounds {unknown}
 n - a potion of brilliance {unknown}
 p - 4 potions of curing
 q - a potion of agility {unknown}
 t - a potion of haste {unknown}
 u - a potion of flight {unknown}
 w - a potion of invisibility {unknown}
 x - a potion of resistance {unknown}
 z - a potion of ambrosia {unknown}
 B - 2 potions of lignification {unknown}
Comestibles
 f - 4 bread rations
 h - a fruit
 k - a slice of pizza


   Skills:
 + Level 8.2 Fighting
 - Level 2.4 Axes
 + Level 8.0 Armour
 + Level 8.3 Shields


You had 7 spell levels left.
You didn't know any spells.

Dungeon Overview and Level Annotations

Branches:
Dungeon (6/15)
 Temple: D:4-7

Altars:
Ashenzari
Cheibriados


Innate Abilities, Weirdness & Mutations

You reflexively headbutt those who attack you in melee.
You have a pair of horns on your head.


Message History

You hit the orc warrior but do no damage.
Your headbutt misses the orc warrior.
The orc warrior is almost dead.
You closely miss the quokka. You closely miss the orc priest.
You block the orc priest's attack. You block the quokka's attack.
The orc warrior hits you with a mace!
* * * LOW HITPOINT WARNING * * *
The orc priest calls upon Beogh to heal the orc warrior.
The orc warrior is healed somewhat.
The quokka bites you.
* * * LOW HITPOINT WARNING * * *
The orc priest barely misses you.
An orc and a crimson imp come into view.
You fail to use your ability.
The quokka bites you.
* * * LOW HITPOINT WARNING * * *
You block the orc warrior's attack. You block the quokka's attack.
The orc priest hits you.
* * * LOW HITPOINT WARNING * * *
The orc wizard mumbles some strange words.
The orc wizard seems to speed up.
The orc warrior hits you with a mace!
You die...

.#....
(...
.........
........#
.......
...#.#
#.#.####.o
#.5o...o..
#.r##
#oo@#
###o.#
##...>
#..!..
#....#
#####


You could see an orc warrior, an orc priest, an orc wizard, a crimson imp, an
orc and a quokka.

Vanquished Creatures
  Grinder (D:5)
  The ghost of Mlkhall the Magician, an amateur HuWz (D:4)
  Edmund (D:5)
  A sky beast (D:5)
  3 ogres (D:5)
  A howler monkey (D:5)
  A quasit (D:5)
  A centaur zombie (D:5)
  A gnoll shaman (D:5)
  A jelly (D:5)
  An orc priest (D:5)
  A hound (D:5)
  4 worker ants
  6 orc wizards
  A hound skeleton (D:5)
  A worker ant zombie (D:5)
  6 gnolls (D:5)
  6 adders
  3 oozes
  A worm (D:2)
  A leopard gecko (D:4)
  8 orcs
  6 ball pythons
  5 giant cockroaches
  5 hobgoblins
  4 kobolds
  A quokka (D:2)
  8 bats
  4 frilled lizards
  5 goblins
  A quokka skeleton (D:5)
  4 rats
94 creatures vanquished.

Vanquished Creatures (others)
  A plant (D:4)
1 creature vanquished.

Grand Total: 95 creatures vanquished

Notes
Turn   | Place    | Note
-------+----------+-------------------------------------------
     0 | D:1      | lorenzova the Minotaur Fighter began the quest for the Orb.
     0 | D:1      | Reached XP level 1. HP: 19/19 MP: 0/0
   200 | D:1      | Reached XP level 2. HP: 27/27 MP: 1/1
   965 | D:2      | Reached XP level 3. HP: 31/33 MP: 2/2
  1605 | D:3      | Reached XP level 4. HP: 30/41 MP: 3/3
  1870 | D:4      | Noticed Mlkhall's ghost (amateur HuWz)
  2021 | D:4      | Killed Mlkhall's ghost
  2021 | D:4      | Reached skill level 5 in Fighting
  2021 | D:4      | Reached skill level 5 in Armour
  2021 | D:4      | Reached skill level 5 in Shields
  2021 | D:4      | Reached XP level 5. HP: 36/48 MP: 4/4
  2283 | D:4      | Reached XP level 6. HP: 51/56 MP: 5/5
  2400 | D:5      | Entered Level 5 of the Dungeon
  2600 | D:5      | Reached XP level 7. HP: 37/63 MP: 6/6
  2895 | D:5      | Noticed Grinder
  2916 | D:5      | Paralysed by Grinder for 5 turns
  2925 | D:5      | Killed Grinder
  3361 | D:5      | Reached XP level 8. HP: 70/73 MP: 7/7
  3675 | D:5      | Noticed Edmund
  4443 | D:5      | Killed Edmund
  4508 | D:5      | Found a shattered altar of Ashenzari.
  4525 | D:5      | Found a snail-covered altar of Cheibriados.
  4746 | D:6      | Mangled by an orc warrior

Skill      XL: |  1  2  3  4  5  6  7  8 |
---------------+-------------------------+-----
Shields        | 4 5 6 7 8 |  8.3
Fighting       | 4 5 6 7 8 |  8.2
Armour         | 4 5 6 7 8 |  8.0
Axes           | |  2.4

Action                   |  1- 3 |  4- 6 |  7- 9 || total
-------------------------+-------+-------+-------++-------
Melee: War axe           |   105 |    56 |   117 ||   278
       Headbutt          |    16 |    12 |    31 ||    59
 Abil: Evoke Berserk Rag |       |     1 |     2 ||     3
  Use: Scroll            |       |     3 |     2 ||     5
  Eat: Chunk             |     2 |     3 |     2 ||     7
       Fruit             |       |       |    11 ||    11
       Meat ration       |       |       |     1 ||     1
Armor: Scale mail        |    55 |    20 |    51 ||   126
Dodge: Dodged            |    47 |    19 |    47 ||   113
Block: Shield            |    69 |    36 |    60 ||   165
